 Dungeon Sprint DCSS version 0.29.1-12-g30fa7ad0bf (webtiles) character file.

Game seed: 12456334211196557730

3444 Groucho the Unseen (level 9, -1/39 HPs)
             Began as a Spriggan Enchanter on Dec 28, 2022.
             Was a Believer of Dithmenos.
             Killed from afar by an iron elemental (27 damage)
             ... with an iron shot
             ... in the Dungeon (Sprint II: "The Violet Keep of Menkaure").
             The game lasted 00:07:04 (1394 turns).

Groucho the Unseen (Spriggan Enchanter)             Turns: 1394, Time: 00:07:05

Health: -1/39      AC:  2    Str:  8    XL:     9   Next: 77%
Magic:  25/25      EV: 17    Int: 16    God:    Dithmenos [**....]
Gold:   131        SH:  0    Dex: 17    Spells: 14/31 levels left

rFire   . . .      SeeInvis +   f - +8 rapier of Grace {vorpal, rN+ Will+ rCorr Dex+3}
rCold   . . .      Faith    .   (no shield)
rNeg    + . .      Spirit   .   b - +0 robe
rPois   .          Reflect  .   (helmet restricted)
rElec   .          Harm     .   h - scarf {+Inv}
rCorr   +          Rampage  .   (gloves unavailable)
Will    ++...      NoTele   +   (boots unavailable)
Stlth   ++++++++..              (no amulet)
HPRegen 0.13/turn               e - ring of flight
MPRegen 0.19/turn               (no ring)

@: flying, wreathed by umbra, very quick
A: very small, no large weapons, unfitting armour, see invisible, speed 3,
clumsy 1, screaming 1
a: Renounce Religion, Evoke Invisibility, Shadow Step


You were in the Dungeon.
You worshipped Dithmenos.
Dithmenos was pleased with you.
You visited 1 branch You collected 1053 gold pieces.
You spent 922 gold pieces at shops.

Inventory:

Hand Weapons
 a - a +1 dagger
 f - the +8 rapier of Grace (weapon) {vorpal, rN+ Will+ rCorr Dex+3}
   (You bought it in a shop in the Dungeon)

   It inflicts extra damage upon your enemies.
   Dex:       It affects your dexterity (+3).
   rN:        It protects you from negative energy.
   rCorr:     It protects you from acid and corrosion.
   Will:      It increases your willpower.
Armour
 b - a +0 robe (worn)
 h - a scarf of invisibility (worn)
Jewellery
 e - a ring of flight (left hand)
Scrolls
 i - a scroll of blinking
Potions
 g - 2 potions of magic


   Skills:
 * Level 11.8 Short Blades
 - Level 2.6 Dodging
 - Level 16.0 Stealth
 + Level 11.9 Spellcasting
 * Level 4.6 Conjurations
 + Level 12.3 Hexes
 * Level 5.6 Earth Magic
 * Level 8.2 Evocations


You had 14 spell levels left.
You knew the following spells:

 Your Spells              Type           Power      Damage    Failure   Level
a - Ensorcelled Hibernat  Hex/Ice        58%        N/A       1%          2
b - Confusing Touch       Hex            48%        N/A       1%          3
c - Dazzling Flash        Conj/Hex       72%        N/A       1%          3
d - Tukima's Dance        Hex            48%        N/A       1%          3
e - Sandblast             Erth           54%        2d13      1%          1
f - Passwall              Tmut/Erth      15%        N/A       3%          2
g - Stone Arrow           Conj/Erth      52%        3d10      2%          3

Your spell library contained the following spells:

 Spells                   Type           Power      Damage    Failure   Level


Dungeon Overview and Level Annotations

Branches:
Dungeon (1/1)

Altars:
Cheibriados
Dithmenos
Elyvilon
Fedhas
Gozag
Hepliaklqana
Kikubaaqudgha
Makhleb
Nemelex Xobeh
Okawaru
Qazlal
Ru
Sif Muna
Trog
Uskayaw
Vehumet
Wu Jian
Xom
Yredelemnul
Zin
The Shining One
Jiyva
Lugonu

Shops:
D =[:[:*::?!=(:!*

Annotations:
D exclusions: ice statue and oklob plant


Innate Abilities, Weirdness & Mutations

You are very small and have problems with some larger weapons.
You are too small for most types of armour.
You have supernaturally acute eyesight. (SInv)
You cover ground extremely quickly. (Speed+++)
You are clumsy. (Dex -2)
You occasionally shout uncontrollably at your foes.


Message History

You yell at the iron elemental!
You hear an angry hiss.
Found a jewelled rapier, 81 gold pieces and a dagger.
You puncture the iron elemental!
The iron elemental is lightly damaged.
You hit the iron elemental.
You punch the iron elemental, but do no damage.
The iron elemental is lightly damaged.
The iron elemental closely misses you.
You hit the iron elemental but do no damage.
The iron elemental is lightly damaged.
Okay, then.
Press: ? - help, v - describe, . - travel, g - get item Item here: a jewelled rapier.
The floor.
You strike the helpless iron elemental from behind!
You perforate the iron elemental like a sieve!!!
The iron elemental is heavily damaged.
You hit the iron elemental.
The iron elemental is severely damaged.
The iron elemental closely misses you.
You hit the iron elemental but do no damage.
The iron elemental is severely damaged.
You hit the iron elemental but do no damage.
The iron elemental is severely damaged.
You flicker back into view.
The iron elemental hits you!!
Ouch! That really hurt!
Unknown command.
You feel better.
You hit the iron elemental.
The iron elemental is severely damaged.
The iron elemental closely misses you.
You hit the iron elemental but do no damage.
The iron elemental is severely damaged.
Unknown command.
The iron elemental gestures at you. The iron shot hits you!!
Ouch! That really hurt!
You die...

.○... .8. ##++## #
... ##≈..^### ##
°.. #)≈.....#
~#+++#++ ####..@.#
## ~........
#).E....# k#
~~.##+##..#)$####^#
.# ~~##...##.####
+.##k# ~~#..#).#
...# #...#### ?
####...####..##
##k.##)#


$)|?$ #.###'###.##..# +.k#.†#▓(!?$= ..###.##.###..# #..#..#▓$[[!?![[
.##'.<.'##.'÷.####..##.#▓)!)()?)= You could see an iron elemental, a death drake
(wandering) and a swamp drake (wandering).

Vanquished Creatures
  A deep elf master archer (D)
  A merfolk siren (D)
  A yaktaur (D)
  3 polar bears (D)
  A hornet (D)
  4 neqoxecs (D)
  2 water moccasins (D)
  4 necrophages (D)
  2 worms (D)
19 creatures vanquished.

Vanquished Creatures (others)
  Menkaure (D)
  A worm (D)
2 creatures vanquished.

Grand Total: 21 creatures vanquished

Notes
Turn   | Place    | Note
-------+----------+-------------------------------------------
     0 | D        | Groucho the Spriggan Enchanter began the quest for the Orb.
     0 | D        | Reached XP level 1. HP: 9/9 MP: 5/5
     3 | D        | Noticed a neqoxec
     6 | D        | Noticed a merfolk siren
    13 | D        | Reached skill level 5 in Stealth
    25 | D        | Gained mutation: You occasionally shout uncontrollably at
                  | your foes. [a neqoxec]
    26 | D        | Killed a neqoxec
    27 | D        | Reached skill level 10 in Stealth
    27 | D        | Reached skill level 5 in Spellcasting
    27 | D        | Reached XP level 2. HP: 9/13 MP: 5/9
    27 | D        | Reached XP level 3. HP: 11/16 MP: 6/11
    27 | D        | Reached XP level 4. HP: 15/21 MP: 6/12
    27 | D        | Noticed a neqoxec
    30 | D        | Found Neomuz's Book Shop.
    30 | D        | Found Pejon's General Store.
    30 | D        | Found Ockugor's Jewellery Boutique.
    30 | D        | Found Rasouris's Antique Weapon Boutique.
    30 | D        | Found Somulihaxe's Distillery.
    30 | D        | Noticed a neqoxec
    30 | D        | Noticed a neqoxec
    50 | D        | Killed a neqoxec
    51 | D        | Reached skill level 12 in Stealth
    51 | D        | Reached XP level 5. HP: 23/24 MP: 7/15
    51 | D        | Killed a neqoxec
    52 | D        | Reached skill level 14 in Stealth
    52 | D        | Reached XP level 6. HP: 27/28 MP: 7/18
    52 | D        | Found Galom's Distillery.
    55 | D        | Gained mutation: You are clumsy. (Dex -2) [a neqoxec]
    57 | D        | Killed a neqoxec
    58 | D        | Reached skill level 15 in Stealth
    58 | D        | Reached XP level 7. HP: 31/32 MP: 7/20
   217 | D        | Killed Menkaure
   262 | D        | Learned a level 2 spell: Ensorcelled Hibernation
   266 | D        | Learned a level 3 spell: Confusing Touch
   270 | D        | Learned a level 3 spell: Dazzling Flash
   281 | D        | Reached skill level 16 in Stealth
   292 | D        | Reached skill level 10 in Hexes
   314 | D        | Found a stormy altar of Qazlal.
   318 | D        | Found an ornate altar of the Wu Jian Council.
   319 | D        | Found a hazy altar of Hepliaklqana.
   319 | D        | Found a sacrificial altar of Ru.
   319 | D        | Found a shimmering altar of Xom.
   320 | D        | Found a viscous altar of Jiyva.
   320 | D        | Found a shimmering blue altar of Sif Muna.
   321 | D        | Found a snail-covered altar of Cheibriados.
   321 | D        | Found an ancient bone altar of Kikubaaqudgha.
   321 | D        | Found a bloodstained altar of Trog.
   322 | D        | Found a shadowy altar of Dithmenos.
   322 | D        | Found a corrupted altar of Lugonu.
   720 | D        | Learned a level 3 spell: Tukima's Dance
   723 | D        | Killed a merfolk siren
   724 | D        | Reached skill level 10 in Spellcasting
   724 | D        | Reached XP level 8. HP: 36/36 MP: 23/23
   729 | D        | Noticed an ice statue
   744 | D        | Noticed a flying skull
   744 | D        | Noticed a flying skull
   744 | D        | Noticed a flying skull
   744 | D        | Noticed a flying skull
   758 | D        | Found Liasatum's Magic Scroll Boutique.
   758 | D        | Found Joafiusm's Book Shop.
   759 | D        | Found Fickicio's Book Shop.
   759 | D        | Found Duc Noef's Assorted Antiques.
   768 | D        | Found Unoe's Book Boutique.
   768 | D        | Found Okhlil's Antique Armour Shop.
   768 | D        | Noticed an oklob plant
   769 | D        | Found Cucebiex's Antique Armour Shop.
   769 | D        | Found Fico's Book Shoppe.
   769 | D        | Found Kicwaq's Jewellery Boutique.
   770 | D        | Noticed an ice dragon
   775 | D        | Noticed a cane toad
   795 | D        | Bought a ring of flight for 227 gold pieces
   797 | D        | Bought a masterwork rapier for 279 gold pieces
   797 | D        | Identified the +8 rapier of Grace {vorpal, rN+ Will+ rCorr
                  | Dex+3} (You bought it in a shop in the Dungeon)
   803 | D        | Bought a book of Geomancy for 216 gold pieces
   805 | D        | Learned a level 1 spell: Sandblast
   808 | D        | Learned a level 2 spell: Passwall
   812 | D        | Learned a level 3 spell: Stone Arrow
   835 | D        | Noticed a cane toad
   844 | D        | Bought an embroidered scarf for 200 gold pieces
   880 | D        | Reached skill level 1 in Evocations
  1298 | D        | Found a glowing golden altar of the Shining One.
  1302 | D        | Found a basalt altar of Yredelemnul.
  1303 | D        | Found a glowing silver altar of Zin.
  1304 | D        | Found a hide-covered altar of Uskayaw.
  1305 | D        | Found a burning altar of Makhleb.
  1305 | D        | Found a white marble altar of Elyvilon.
  1305 | D        | Found a radiant altar of Vehumet.
  1317 | D        | Found a sparkling altar of Nemelex Xobeh.
  1317 | D        | Found an iron altar of Okawaru.
  1317 | D        | Found an opulent altar of Gozag.
  1317 | D        | Found a blossoming altar of Fedhas.
  1327 | D        | Became a worshipper of Dithmenos the Shadowed
  1348 | D        | Noticed a yaktaur
  1348 | D        | Noticed a hornet
  1348 | D        | Noticed a polar bear
  1349 | D        | Noticed a polar bear
  1349 | D        | Noticed a polar bear
  1350 | D        | Killed a polar bear
  1351 | D        | Reached skill level 10 in Short Blades
  1351 | D        | Reached skill level 1 in Conjurations
  1351 | D        | Killed a polar bear
  1353 | D        | Killed a hornet
  1353 | D        | Reached * piety under Dithmenos
  1354 | D        | Killed a polar bear
  1355 | D        | Reached skill level 5 in Evocations
  1355 | D        | Reached XP level 9. HP: 39/39 MP: 22/25
  1356 | D        | Killed a yaktaur
  1364 | D        | Noticed a death drake
  1367 | D        | Noticed a death drake
  1373 | D        | Noticed a deep elf master archer
  1379 | D        | Killed a deep elf master archer
  1379 | D        | Reached ** piety under Dithmenos
  1380 | D        | Reached skill level 5 in Earth Magic
  1382 | D        | Noticed an iron elemental
  1394 | D        | Killed from afar by an iron elemental

Illustrated notes

Levels and vault maps discovered:
D:        the_violet_keep_of_menkaure [sprint2_stairs_cluster_1,
          sprint2_shoproom, sprint2_temple, sprint2_basic_supplies,
          sprint2_obstacle_1, sprint2_obstacle_5, sprint2_obstacle_2,
          sprint2_obstacle_4, sprint2_obstacle_6, sprint2_timed_cluster_1,
          sprint2_smallroom_cluster_1, sprint2_smallroom_final_cluster_1,
          sprint2_transparent_cluster_1, sprint2_second_timed_cluster_1,
          sprint2_sniper_area_1, sprint2_heavy_combat_area_1,
          sprint2_mutation_trap_area_1, sprint2_forest_area_1,
          sprint2_light_combat_area_1, sprint2_behind_water_1,
          sprint2_near_end_vault_1]

Skill      XL: |  1  2  3  4  5  6  7  8  9 |
---------------+----------------------------+-----
Stealth        | 10 12 14 15 16 | 16.0
Spellcasting   | 5 7 8 10 11 | 11.9
Hexes          | 6 7 8 10 11 12 | 12.3
Short Blades   | 4 6 7 9 10 11 | 11.8
Evocations     | 5 8 |  8.2
Conjurations   | 3 4 |  4.6
Earth Magic    | 3 5 |  5.6
Dodging        | |  2.6

Action                   |  1- 3 |  4- 6 |  7- 9 || total
-------------------------+-------+-------+-------++-------
Melee: Dagger            |    11 |    24 |    18 ||    53
       Rapier            |       |       |    16 ||    16
       Punch             |       |       |     1 ||     1
 Cast: Confusing Touch   |       |       |     2 ||     2
       Ensorcelled Hiber |       |       |     4 ||     4
       Passwall          |       |       |     2 ||     2
  Use: Potion            |     2 |     2 |     2 ||     6
 Stab: Invisible         |     3 |     1 |     1 ||     5
       Sleeping          |     1 |       |    12 ||    13
       Confused          |       |       |     2 ||     2
Armor: Robe              |       |     1 |     3 ||     4
Dodge: Dodged            |     3 |     4 |     9 ||    16
